 Dungeon Crawl Stone Soup version 0.28.0-62-gf88900778d (webtiles) character file.

Game seed: 3123930203510253943

37 Coron the Ducker (level 3, 25/31 HPs)
             Began as a Deep Dwarf Venom Mage on Mar 27, 2023.
             Was a Believer of Lugonu.
             Quit the game on level 2 of the Dungeon.
             The game lasted 00:05:15 (1521 turns).

Coron the Ducker (Deep Dwarf Venom Mage)            Turns: 1521, Time: 00:05:15

Health: 25/31      AC:  2    Str: 13    XL:     3   Next: 23%
Magic:  15/15 (6)  EV: 12    Int: 15    God:    Lugonu [**....]
Gold:   73         SH:  0    Dex: 13    Spells: 5/6 levels left

rFire   . . .      SeeInvis .   (no weapon)
rCold   . . .      Faith    .   (no shield)
rNeg    . . .      Spirit   .   a - +0 robe
rPois   .          Reflect  .   (no helmet)
rElec   .          Harm     .   (no cloak)
rCorr   .          Rampage  .   (no gloves)
Will    .....                   (no boots)
Stlth   ++........              (no amulet)
HPRegen 0.00/turn               l - ring of magical power
MPRegen 0.14/turn               (no ring)

@: no status effects
A: damage resistance, heal wounds, sense surroundings 1, no regeneration
a: Heal Wounds, Renounce Religion, Depart the Abyss, Bend Space


You were on level 2 of the Dungeon.
You worshipped Lugonu.
Lugonu was pleased with you.
You visited 1 branch of the dungeon, and saw 2 of its levels.

You collected 73 gold pieces.

Inventory:

Hand Weapons
 e - a +0 club
 n - a +0 flail
Missiles
 f - 2 throwing nets
 i - 76 stones
 m - 2 poisoned darts
Armour
 a - a +0 robe (worn)
 b - a +0 chain mail
 g - a +0 ring mail
 j - a +1 ring mail of positive energy
Jewellery
 l - a ring of magical power (left hand)
Scrolls
 c - a scroll of teleportation {unknown}
 h - a scroll of immolation {unknown}
Potions
 d - a potion of brilliance {unknown}
 k - a potion of resistance {unknown}


   Skills:
 - Level 1.0 Fighting
 + Level 2.9 Dodging
 - Level 2.5 Stealth
 - Level 2.0 Spellcasting
 - Level 1.0 Transmutations
 + Level 2.8 Poison Magic


You had 5 spell levels left.
You knew the following spells:

 Your Spells              Type           Power      Damage    Failure   Level
a - Sting                 Tmut/Pois      28%        1d4       10%         1

Your spell library contained the following spells:

 Spells                   Type           Power      Damage    Failure   Level
 Poisonous Vapours        Pois/Air       10%        N/A       19%         2
 Mephitic Cloud           Conj/Pois/Air  4%         N/A       41%         3
 Olgreb's Toxic Radiance  Pois           10%        N/A       56%         4


Dungeon Overview and Level Annotations

Branches:
Dungeon (2/15)

Altars:
Lugonu


Innate Abilities, Weirdness & Mutations

You are resistant to damage.
You can heal yourself by infusing magical energy.
You passively map a small area around you.
You do not regenerate.


Message History

Casting: Sting (safe; 10% risk of failure)
Confirm with . or Enter, or press ? or * to list all spells.
Aiming: Sting (safe; 10% risk of failure)
Press: ? - help, Shift-Dir - straight line, f - endoplasm
Aim: an endoplasm (asleep, 100% to hit)
The sting hits the endoplasm.
The endoplasm partially resists.
The endoplasm is lightly wounded.
The endoplasm quivers.
Casting: Sting (safe; 10% risk of failure)
Confirm with . or Enter, or press ? or * to list all spells.
Aiming: Sting (safe; 10% risk of failure)
Press: ? - help, Shift-Dir - straight line, f/p - endoplasm
Aim: an endoplasm (lightly wounded, 97% to hit)
The sting hits the endoplasm.
The endoplasm partially resists.
The endoplasm is poisoned.
The endoplasm is moderately wounded.
The endoplasm hits you.
The endoplasm looks more healthy.
Casting: Sting (safe; 10% risk of failure)
Confirm with . or Enter, or press ? or * to list all spells.
Aiming: Sting (safe; 10% risk of failure)
Press: ? - help, Shift-Dir - straight line, f/p - endoplasm
Aim: an endoplasm (heavily wounded, 97% to hit)
The sting hits the endoplasm.
The endoplasm is poisoned.
The endoplasm is heavily wounded.
The endoplasm freezes you.
You are frozen.
You kill the endoplasm!
You open the door.
Found a faded altar of an unknown god.
There is an open door here.
Found a flail.
You see here a +0 flail.
n - a +0 flail
There is a faded altar of an unknown god here.
You cannot tell which god this altar belongs to.
Convert to them anyway?
Lugonu accepts your prayer! Lugonu welcomes you!
You can now depart the Abyss.
You can now bend space around yourself.
Are you sure you want to abandon this character and quit the game? (Confirm with "yes".)

.....## * * ......#
....>.###### *,
...........###########
####..######.........#
#.....## #....#....#
#......#####.#..#..#.#
...........#.#..#.§#.#
*
#......###.'≈≈≈≈@§§≈§+
#.....##
#.#.#..#..#.#* ###.#.#
#.#.#..#..#.#
#.#.####.#....#....#
#.#......#.........#
#........###########
#####...........
##..#..####..##
##.............##


There were no monsters in sight!

Vanquished Creatures
  An adder (D:2)
  4 ball pythons (D:1)
  5 endoplasms
  2 giant cockroaches (D:1)
  A goblin (D:1)
  3 hobgoblins (D:1)
  2 quokkas (D:1)
  3 bats
  A frilled lizard (D:1)
  2 kobolds
24 creatures vanquished.

Notes
Turn   | Place    | Note
-------+----------+-------------------------------------------
     0 | D:1      | Coron the Deep Dwarf Venom Mage began the quest for the
                  | Orb.
     0 | D:1      | Reached XP level 1. HP: 15/15 MP: 3/3
    55 | D:1      | Reached skill level 1 in Transmutations
   209 | D:1      | Reached XP level 2. HP: 22/22 MP: 2/4
  1085 | D:2      | Reached skill level 1 in Fighting
  1085 | D:2      | Reached XP level 3. HP: 27/31 MP: 1/6
  1507 | D:2      | Found a faded altar of an unknown god.
  1520 | D:2      | Prayed at the altar of an unknown god.
  1520 | D:2      | Became a worshipper of Lugonu the Unformed
  1520 | D:2      | Reached * piety under Lugonu
  1520 | D:2      | Reached ** piety under Lugonu
  1521 | D:2      | Quit the game

Illustrated notes

Levels and vault maps discovered:
D:1:      ncdulo_watergridlock, layout_basic
D:2:      layout_loops_ring, shapermc_ecumenical_altar_notcrosses, hex_medium,
          grunt_ministairs_11, uniq_terence

Skill      XL: |  1  2 |
---------------+-------+-----
Transmutations | 1 |  1.0
Spellcasting   | 2 |  2.0
Fighting       | 1 |  1.0
Dodging        | |  2.9
Stealth        | |  2.5
Poison Magic   | |  2.8

Action                   || total
-------------------------++-------
 Cast: Sting             ||    35
Armor: Robe              ||     2
Dodge: Dodged            ||     4
